 Dungeon Crawl Stone Soup version 0.31.0-9-g3a7656b989 (webtiles) character file.

Game seed: 1700433642924232588

56 qw the Shooter (level 3, -3/20 HPs)
             Began as a Deep Elf Hunter on Feb 3, 2024.
             Was an Initiate of Okawaru.
             Killed by divine providence
             ... invoked by an orc priest
              (12 damage)
             ... on level 3 of the Dungeon.
             The game lasted 00:00:05 (1514 turns).

qw the Shooter (Deep Elf Hunter)                    Turns: 1514, Time: 00:00:05

Health: -3/20      AC:  7    Str: 14    XL:     3   Next: 69%
Magic:  5/5        EV: 10    Int: 13    God:    Okawaru [......]
Gold:   85         SH:  0    Dex: 20    Spells: 2/2 levels left

rFire   . . .        a - +0 shortbow
rCold   . . .        (shield currently unavailable)
rNeg    . . .        i - +0 scale mail
rPois   .            (no helmet)
rElec   .            (no cloak)
rCorr   .            b - +0 pair of gloves
SInv    +            (no boots)
Will    .....        (no amulet)
Stlth   +            e - +6 ring of strength
HPRegen 0.23/turn    f - ring of see invisible
MPRegen 0.09/turn

%: no passive effects
@: no status effects
A: no striking features
a: Renounce Religion


You were on level 3 of the Dungeon.
You worshipped Okawaru.
Okawaru was noncommittal.
You visited 1 branch of the dungeon, and saw 3 of its levels.

You collected 85 gold pieces.


   Skills:
 - Level 1.5 Fighting
 + Level 7.2 Ranged Weapons
 - Level 2.4 Dodging
 - Level 1.2 Stealth


You had 2 spell levels left.
You didn't know any spells.
Your spell library was empty.

Inventory:

Hand Weapons
 a - a +0 shortbow (weapon)
Armour
 b - a +0 pair of gloves (worn)
 i - a +0 scale mail (worn)
Jewellery
 e - a +6 ring of strength (left hand)
 f - a ring of see invisible (right hand)
Scrolls
 h - 2 scrolls of teleportation
Potions
 c - a potion of mutation {unknown}
 d - a potion of resistance
 g - 2 potions of curing

Dungeon Overview and Level Annotations

Branches:
Dungeon (3/15)

Altars:
Okawaru

Shops:
D:1 [


Message History

An orc comes into view. It is wielding a +0 flail.
The orc shouts!
You shoot an arrow. The orc shouts!
The arrow hits the jackal.
The jackal is severely wounded.
The jackal bites you but does no damage.
The jackal misses you. x2
An orc comes into view. It is wielding a +0 short sword.
The jackal barely misses you. x2
You shoot an arrow. The arrow closely misses the jackal.
The arrow hits the orc priest!
The orc priest is severely wounded.
The jackal closely misses you.
The jackal bites you but does no damage.
The jackal barely misses you. The jackal bites you.
The jackal bites you but does no damage. x2
You shoot an arrow. The arrow hits the jackal.
The jackal is almost dead.
The jackal bites you but does no damage. x4
The jackal bites you. The jackal barely misses you.
The jackal bites you but does no damage.
The jackal bites you.
You shoot an arrow. The arrow hits the jackal.
You kill the jackal!
Okawaru accepts your kill. The jackal closely misses you. x2
The orc priest looks braver for a moment.
The jackal closely misses you. The jackal barely misses you. x2
The jackal bites you.
You shoot an arrow. The arrow hits the jackal!
You kill the jackal!
Okawaru accepts your kill. The jackal bites you. x2
The dart slug launches a dart at you.
The slug dart hits you but does no damage.
The orc priest calls down the wrath of Beogh upon you.
Beogh smites you!
Ouch! That really hurt!
You die...

#####........#.#
#.#
######........#.#
##'#
#.............#.#
#...
##............)).#
#...
#........:.......#
#...
#.(..............#
#...
#...........(..#.#
#...
#.......####+###.#
....# #...##.@%#
#.#...[.. #...


#hhw# ........ #.. #..oo. ... #. #....o.. #....o.... #......... #......[..
#......... You could see an orc priest, a dart slug, 3 orcs and 2 jackals.

Vanquished Creatures
  An adder (D:2)
  A ribbon worm (D:2)
  2 dart slugs (D:1)
  5 orcs (D:3)
  A bat (D:2)
  2 endoplasms
  2 giant cockroaches (D:1)
  4 goblins
  4 hobgoblins
  2 jackals (D:3)
  3 kobolds
  A ball python (D:1)
  A frilled lizard (D:2)
  4 rats
33 creatures vanquished.

Notes
Turn   | Place    | Note
-------+----------+-------------------------------------------
     0 | D:1      | qw the Deep Elf Hunter began the quest for the Orb.
     0 | D:1      | Reached XP level 1. HP: 12/12 MP: 3/3
     0 | D:1      | 0 ||| qw: Version: 0.3-a-155-g5e7d8dd
     0 | D:1      | 0 ||| qw: Game counter: 2921
     0 | D:1      | 0 ||| qw: Melee chars always use a shield: true
     0 | D:1      | 0 ||| qw: God list: Okawaru
     0 | D:1      | 0 ||| qw: Allow faded altars: false
     0 | D:1      | 0 ||| qw: Do Orc after clearing Dungeon:15 true
     0 | D:1      | 0 ||| qw: Do second Lair branch before Depths: true
     0 | D:1      | 0 ||| qw: Lair rune preference: random
     0 | D:1      | 0 ||| qw: Goals: Normal
     0 | D:1      | 0 ||| PLANNING D:1-11
    48 | D:1      | Found Keapnatzu's Armour Shop.
    51 | D:1      | 51 ||| SHOPLISTING +0 cloak (49 gold, have 11).
    51 | D:1      | 51 ||| SHOPLISTING +0 ring mail (44 gold, have 11).
    51 | D:1      | 51 ||| SHOPLISTING +1 leather armour of fire resistance
                  | (154 gold, have 11).
    51 | D:1      | 51 ||| SHOPLISTING +3 ring mail (231 gold, have 11).
    71 | D:1      | Reached skill level 6 in Ranged Weapons
    71 | D:1      | Reached XP level 2. HP: 16/16 MP: 4/4
   119 | D:1      | You fall into a shaft and drop 1 floor!
   272 | D:2      | 272 ||| UPGRADING to +6 ring of strength.
   273 | D:2      | 273 ||| UPGRADING to ring of see invisible.
   274 | D:2      | 274 ||| READING scroll labelled WENIUNE FOUCVY.
   275 | D:2      | 275 ||| READING scroll labelled FURAOGEVEB.
   276 | D:2      | 276 ||| DROPPING scroll of butterflies.
   807 | D:1      | 807 ||| UPGRADING to +0 pair of gloves.
   812 | D:1      | 812 ||| READING scroll labelled GESULEIJEU.
   813 | D:1      | 813 ||| READING scroll labelled BICWEXUACK.
   814 | D:1      | 814 ||| READING scroll labelled PILIOB HOOLOD.
   815 | D:1      | 815 ||| READING scroll labelled TAOSIG PAXAKLYMITZ.
   815 | D:1      | 815 ||| IDENTIFYING black potion
   816 | D:1      | 816 ||| DRINKING 2 murky grey potions.
   842 | D:2      | Reached XP level 3. HP: 20/20 MP: 5/5
   967 | D:2      | Reached skill level 7 in Ranged Weapons
  1371 | D:2      | 1371 ||| UPGRADING to +0 scale mail.
  1381 | D:2      | 1381 ||| DROPPING +0 leather armour.
  1382 | D:2      | 1382 ||| READING 3 scrolls labelled HUINGA COCHU.
  1420 | D:3      | Found an iron altar of Okawaru.
  1421 | D:3      | 1421 ||| PLANNING OKAWARU WORSHIP
  1427 | D:3      | Became a worshipper of Warmaster Okawaru
  1428 | D:3      | 1428 ||| PLANNING D:1-11
  1514 | D:3      | Killed from afar by an orc priest

Levels and vault maps discovered:
D:1:      heliophobic_arrival_battle_scene, layout_basic, serial_shops, shop
D:2:      layout_basic, minmay_bisected
D:3:      layout_basic, nicolae_ru_great_annihilating_truth,
          okawaru_metal_pillars_1_2

Skill      XL: |  1  2  3 |
---------------+----------+-----
Ranged Weapons | 6 7 |  7.2
Fighting       | |  1.5
Dodging        | |  2.4
Stealth        | |  1.2

Action                     || total
---------------------------++-------
   Fire: Shortbow          ||    86
    Use: Scroll            ||     7
         Potion            ||     1
 Armour: Leather armour    ||     6
         Scale mail        ||    18
  Dodge: Dodged            ||    26

Table legend:
 A = Non-vault XP
 B = Vault XP
 C = Vault XP percentage of total XP
 D = Non-vault monster count
 E = Vault monster count
 F = Vault count percentage of total count
                 A         B        C        D         E       F
            +---------+---------+-------+---------+---------+-------
      Total |      78 |       4 |   4.9 |      31 |       2 |   6.1
            +---------+---------+-------+---------+---------+-------
        D:1 |      31 |       0 |   0.0 |      15 |       0 |   0.0
        D:2 |      28 |       4 |  12.5 |       9 |       2 |  18.2
        D:3 |      19 |       0 |   0.0 |       7 |       0 |   0.0
            +---------+---------+-------+---------+---------+-------
